 Dungeon Crawl Stone Soup version 0.27.1-33-g824d729ab1 (webtiles) character file.

Game seed: 7795858029635775239

51 unlimited1921 the Skirmisher (level 3, -3/20 HPs)
             Began as a Vine Stalker Fighter on Dec 30, 2021.
             Shot with an arrow by a centaur (8 damage)
             ... on level 3 of the Dungeon.
             The game lasted 00:08:13 (2731 turns).

unlimited1921 the Skirmisher (Vine Stalker Fighter) Turns: 2731, Time: 00:08:13

Health: -3/20      AC:  6    Str: 19    XL:     3   Next: 83%
Magic:  0/4        EV:  7    Int:  8    God:
Gold:   66         SH: 10    Dex: 19    Spells: 2/2 levels left

rFire    . . .     SeeInvis .   a - +0 war axe
rCold    . . .     Faith    .   c - +0 kite shield
rNeg     . . .     Spirit   +   b - +0 scale mail
rPois    .         Reflect  .   (no helmet)
rElec    .         Harm     .   (no cloak)
rCorr    .         Rampage  .   (no gloves)
Will     .....                  (no boots)
Stlth    ..........             (no amulet)
HPRegen  0.06/turn              e - +6 ring of dexterity
MPRegen  0.09/turn              (no ring)

@: no status effects
A: fangs 2, magic shield, antimagic bite, no potion heal 2
a: no special abilities


You were on level 3 of the Dungeon.
You visited 1 branch of the dungeon, and saw 3 of its levels.

You collected 66 gold pieces.

Inventory:

Hand Weapons
 a - a +0 war axe (weapon)
 g - a +0 hunting sling
 i - a +0 spear
 n - a +1 hand axe of flaming
Missiles
 f - 45 sling bullets
 h - 23 arrows
 l - 12 poisoned darts (quivered)
Armour
 b - a +0 scale mail (worn)
 c - a +0 kite shield (worn)
Jewellery
 e - a +6 ring of dexterity (left hand)
Scrolls
 j - a scroll of amnesia {unknown}
Potions
 d - a potion of might
 k - a potion of heal wounds {unknown}
 m - a potion of attraction {unknown}
 o - a potion of haste {unknown}


   Skills:
 * Level 3.2 Fighting
 + Level 2.3 Axes
 + Level 2.8 Armour
 + Level 0.1 Dodging
 + Level 3.0 Shields


You had 2 spell levels left.
You didn't know any spells.
Your spell library contained the following spells:

 Spells                   Type           Power      Damage    Failure   Level
 Hailstorm                Conj/Ice       0%         3d3       100%        4
 Ice Form                 Ice/Tmut       0%         N/A       100%        4
 Simulacrum               Ice/Necr       0%         N/A       100%        6


Dungeon Overview and Level Annotations

Branches:
Dungeon (3/15)

Altars:


Innate Abilities, Weirdness & Mutations

You have extremely sharp teeth.
When hurt, damage is shared between your health and your magic reserves.
Your bite disrupts and absorbs the magic of your enemies.
Potions cannot restore your health.


Message History

Found a stone staircase leading down.
l - 15 poisoned darts (gained 1)
Things that are here:
a +0 club; an orc skeleton
Things that are here:
a +0 club; an orc skeleton A centaur comes into view.
The centaur shouts!
The centaur wields a +0 shortbow.
The centaur shoots an arrow.
The arrow closely misses you.
Throw: 15 darts (poison)
Press: ? - help, Q - select action Shift-Dir - straight line, f - centaur
Aim: a centaur, wielding a +0 shortbow and quivering arrows (71% to hit)
You throw a poisoned dart. The poisoned dart hits the centaur.
The centaur is poisoned.
The centaur shoots an arrow.
You block the arrow.
Throw: 14 darts (poison)
Press: ? - help, Q - select action Shift-Dir - straight line, f/p - centaur
Aim: a centaur, wielding a +0 shortbow and quivering arrows (lightly wounded, poisoned, 72% to hit)
You throw a poisoned dart. The poisoned dart hits the centaur.
The centaur looks even sicker.
The centaur is lightly wounded.
The centaur shoots an arrow.
The arrow hits you but does no damage.
The centaur shoots an arrow.
The arrow closely misses you.
Throw: 13 darts (poison)
Press: ? - help, Q - select action Shift-Dir - straight line, f/p - centaur
Aim: a centaur, wielding a +0 shortbow and quivering arrows (lightly wounded, very poisoned, 72% to hit)
You throw a poisoned dart. The poisoned dart hits the centaur.
The centaur looks even sicker.
The centaur is lightly wounded.
The centaur shoots an arrow.
The arrow hits you!
The centaur shoots an arrow.
You block the arrow.
A kobold comes into view. It is wielding a +0 short sword.
Found 16 gold pieces.
The centaur shoots an arrow.
You block the arrow.
The centaur shoots an arrow.
The arrow hits you.
The kobold throws a stone.
The stone hits you but does no damage.
The centaur shoots an arrow.
The arrow hits you.
* * * LOW HITPOINT WARNING * * *
The centaur shoots an arrow.
The arrow hits you!
You die...

..........#....# #.#
.########....#.# #.##
..$. ##......# #..#
....####.c...### ##.#
......#.##..# #.#
...(..c.#...# #.#
..(##..##...######>#
...##..............##
......K..@...[..###..###
......#...###.#..##....#
..........# ........###
........... .#.......##
.......#####
...##.....## .....##
##..####...# ..##.
#....#...# . #..#..#
#####.##.#


You could see a centaur (very poisoned) and a kobold.

Vanquished Creatures
  An adder (D:2)
  A worm (D:2)
  2 dart slugs
  5 orcs (D:3)
  2 bats
  An endoplasm (D:1)
  A goblin (D:1)
  2 jackals (D:2)
  A kobold (D:2)
  2 quokkas (D:2)
  8 ball pythons
  A rat (D:1)
27 creatures vanquished.

Notes
Turn   | Place    | Note
-------+----------+-------------------------------------------
     0 | D:1      | unlimited1921 the Vine Stalker Fighter began the quest for
                  | the Orb.
     0 | D:1      | Reached XP level 1. HP: 11/11 MP: 2/2
   312 | D:1      | Reached XP level 2. HP: 15/16 MP: 3/3
   910 | D:2      | Reached XP level 3. HP: 14/20 MP: 4/4
  2718 | D:3      | Noticed a centaur
  2731 | D:3      | Shot with an arrow by a centaur

Illustrated notes

Levels and vault maps discovered:
D:1:      lemuel_arrival_broad_hall, layout_basic
D:2:      layout_basic, minmay_misc_feat_columns
D:3:      layout_rooms

Skill      XL: |  1  2  3 |
---------------+----------+-----
Fighting       | 3 |  3.2
Axes           | 2 |  2.3
Shields        | 3 |  3.0
Armour         | |  2.8
Dodging        | |  0.1

Action                   || total
-------------------------++-------
Melee: War axe           ||    59
       Bite              ||    13
Throw: Dart              ||    19
Armor: Scale mail        ||    28
Dodge: Dodged            ||    19
Block: Kite shield       ||    44
